AoeStats
← Pwncakes

Pilgrims

509539625Analyzed
3v3 RM · 5d ago on Sep 27, 2026· 12m 23s· 6 players
Game mode
Random Map
Map size
Normal (6 player)
Population
200
Speed
Normal
Resources
Standard
Victory
Conquest
Starting age
Dark Age
Ending age
Imperial Age
RankedLock teamsTeams togetherTeam positionsShared explorationLock speedFull tech treeHidden civsTurbo modeCheats
Victory
Defeat
1459
+16
🇲🇽 Huns · Mexico
1440
+17
🇨🇴 Bengalis · Colombia
1421
+17
🇦🇷 Berbers · Argentina
1477
-18
🇨🇳 Persians · China
1470
-17
🇺🇸 Armenians · United States
1406
-15
ELEG | Huitzilopochtli
7:23 Loom
10:28 Feudal Age
11:13 Double-Bit Axe
ELEG | Lucho
5:55 Loom
11:31 Feudal Age
12:34 Double-Bit Axe
12:51 Fletching
LicKawamas97
3:50 Loom
11:48 Feudal Age
Pwncakes
3:28 Loom
11:19 Feudal Age
12:03 Gold Mining
12:00 Double-Bit Axe
12:20 Town Watch
12:17 Fishing Lines
Karles
5:50 Loom
12:58 Feudal Age
祈求好运
5:11 Loom
11:39 Feudal Age
12:13 Fishing Lines
Connection lost

Rejoining the realm…

Still unreachable

The connection could not be restored.

Session expired

The server has moved on; the page needs a fresh start.